Description

Harstem PvT Robo Twilight Double Forge Opener Copy

Replay - Harstem PvT Robo Twilight Double Forge Opener

Build Order

Get SALT Encoding   

  12  0:00  Probe  
  13  0:12  Probe  
  14  0:18  Pylon  
  14  0:25  Probe (Chrono Boost)  
  15  0:36  Gateway  
  15  0:37  Probe (Chrono Boost)  
  16  0:44  Probe (Chrono Boost)  
  17  0:51  Probe  
  17  0:54  Assimilator  
  18  1:03  Probe  
  19  1:15  Probe  
  20  1:22  Nexus  
  20  1:32  Cybernetics Core  
  20  1:36  Probe  
  21  1:40  Assimilator  
  21  1:48  Probe  
  21  1:52  Pylon  
  23  2:09  Warp Gate  
  23  2:13  Stalker (Chrono Boost)  
  26  2:25  Robotics Facility  
  27  2:33  Stalker (Chrono Boost)  
  33  2:54  Twilight Council  
  36  3:06  Gateway  
  38  3:13  Observer (Chrono Boost)  
  38  3:17  Gateway  
  41  3:28  Blink (Chrono Boost), Pylon  
  43  3:46  Assimilator  
  43  3:54  Observer  
  46  3:57  Pylon  
  46  4:02  Nexus  
  46  4:08  Stalker x2  
  52  4:17  Pylon  
  52  4:19  Stalker  
  52  4:23  Observer  
  56  4:31  Stalker  
  59  4:41  Stalker x2  
  65  4:54  Forge x2  
  67  5:12  Gateway x3  
  67  5:13  Charge (Chrono Boost)  
  70  5:22  Protoss Ground Weapons Level 1 (Chrono Boost)  
  71  5:31  Protoss Ground Armor Level 1 (Chrono Boost)  
  71  5:33  Sentry  
  77  5:42  Immortal (Chrono Boost)  
  82  5:55  Zealot x2  
  86  6:03  Gateway x2  
  86  6:11  Templar Archives  
  86  6:14  Zealot x4  
  94  6:19  Zealot x2  
  94  6:23  Immortal (Chrono Boost)  
  102  6:35  Zealot x2  
  115  7:00  High Templar x2  
  130  7:10  Archon  
Spawning Tool Build Advisor. Get it on Overwolf

Analysis

Harstem PvT Robo Twilight Double Forge Opener Copy

Go to:

Details

  • Created by: Sehyo
  • Published on: Nov 02, 2019
  • Modified on: Nov 02, 2019
  • Patch: 4.7.1
Show
View Real Time Build Order
Export as new Build Order

Comments (0)

There are no comments. Be the first!

Create an account to comment!